Map: Terraform LE (Void)

Players

MoonLjth - Winner!

  • Race: Protoss Protoss
  • League: Platinum

iQuitBYE - Winner!

  • Race: Protoss Protoss
  • League: Grandmaster

NighTLeafs

  • Race: Protoss Protoss
  • League: Grandmaster

Chaos

  • Race: Protoss Protoss
  • League: Gold

VOD

Have the link to the VOD?

Description

Time

  • Played on: Oct. 2, 2015, 9:57 p.m.
  • Length: 7:46
Show
View Real Time Build Order
Export as new Build Order

MoonLjth Protoss - Winner!

Build Orders: 1 Gate Expand, Zealot Archon 

Get SALT Encoding   

  12  0:01  Probe (Chrono Boost)  
  13  0:14  Pylon  
  13  0:18  Probe (Chrono Boost)  
  14  0:29  Probe (Chrono Boost)  
  15  0:36  Gateway  
  15  0:40  Probe (Chrono Boost)  
  16  0:46  Assimilator  
  16  0:50  Probe (Chrono Boost)  
  17  1:01  Probe (Chrono Boost)  
  18  1:11  Probe (Chrono Boost)  
  19  1:22  Probe (Chrono Boost)  
  20  1:30  Nexus  
  20  1:41  Cybernetics Core  
  20  1:44  Probe (Chrono Boost)  
  21  1:54  Pylon  
  21  1:59  Pylon  
  20  2:03  Probe (Chrono Boost)  
  20  2:06  Assimilator  
  21  2:14  Probe (Chrono Boost)  
  22  2:17  Adept (Chrono Boost)  
  22  2:21  Warp Gate (Chrono Boost)  
  24  2:25  Mothership Core  
  26  2:32  Gateway  
  26  2:43  Probe  
  26  2:46  Probe (Chrono Boost)  
  26  2:48  Pylon  
  28  2:55  Probe (Chrono Boost)  
  29  2:58  Probe (Chrono Boost)  
  30  3:06  Probe (Chrono Boost)  
  30  3:10  Probe (Chrono Boost)  
  32  3:15  Gateway  
  32  3:17  Probe  
  33  3:21  Probe  
  34  3:28  Probe  
  34  3:33  Probe  
  36  3:35  Robotics Facility  
  36  3:38  Probe  
  37  3:45  Probe  
  37  3:49  Probe  
  38  3:58  Probe  
  38  3:59  Probe  
  38  4:00  Twilight Council  
  40  4:07  Assimilator  
  40  4:09  Assimilator  
  40  4:10  Probe x2  
  42  4:22  Probe x2  
  42  4:34  Stalker x3, Probe  
  49  4:39  Probe  
  50  4:48  Blink (Chrono Boost)  
  50  4:49  Dark Shrine  
  50  4:55  Pylon  
  50  4:57  Stalker  
  50  4:58  Stalker  
  54  5:06  Gateway  
  54  5:08  Gateway  
  54  5:13  Probe  
  55  5:16  Stalker  
  57  5:24  Pylon  
  57  5:25  Stalker  
  57  5:26  Stalker  
  61  5:28  Probe  
  61  5:31  Pylon  
  61  5:33  Pylon  
  62  5:38  Pylon  
  60  5:43  Stalker  
  60  5:48  Probe  
  61  5:54  Stalker x2  
  62  6:00  Pylon  
  61  6:11  Probe  
  62  6:14  Stalker  
  62  6:20  Stalker x2  
  62  6:21  Pylon  
  58  6:33  Mothership Core  
  58  6:39  Stalker  
  61  6:43  Dark Templar x2  
  61  6:44  Dark Templar  
  67  6:55  Archon  
  67  6:59  Stalker  
  67  7:00  Probe  
  66  7:01  Probe  
  66  7:02  Gateway  
  67  7:11  Stalker  
  67  7:14  Probe  
  68  7:17  Stalker  
  68  7:18  Stalker  
  72  7:22  Probe  
  72  7:28  Stalker x2  
Show
View Real Time Build Order
Export as new Build Order

iQuitBYE Protoss - Winner!

Build Orders: Phoenix Opening 

Get SALT Encoding   

  12  0:02  Probe (Chrono Boost)  
  13  0:14  Pylon  
  13  0:18  Probe (Chrono Boost)  
  14  0:29  Probe (Chrono Boost)  
  14  0:35  Gateway  
  15  0:39  Probe (Chrono Boost)  
  16  0:48  Assimilator  
  16  0:50  Probe (Chrono Boost)  
  17  1:00  Probe (Chrono Boost)  
  19  1:11  Probe (Chrono Boost)  
  19  1:14  Pylon  
  19  1:22  Zealot  
  19  1:24  Cybernetics Core  
  21  1:29  Probe (Chrono Boost)  
  22  1:40  Probe (Chrono Boost)  
  23  1:52  Probe (Chrono Boost)  
  24  1:58  Pylon  
  24  2:01  Warp Gate  
  24  2:02  Adept  
  26  2:10  Probe (Chrono Boost)  
  27  2:19  Nexus  
  27  2:25  Probe (Chrono Boost)  
  28  2:30  Assimilator  
  28  2:32  Adept  
  28  2:36  Probe (Chrono Boost)  
  31  2:52  Probe (Chrono Boost)  
  31  2:57  Stargate  
  32  3:03  Probe (Chrono Boost)  
  33  3:13  Probe (Chrono Boost)  
  34  3:24  Probe (Chrono Boost), Stargate  
  35  3:32  Probe (Chrono Boost)  
  36  3:34  Probe (Chrono Boost)  
  36  3:37  Gateway  
  36  3:39  Gateway  
  37  3:41  Phoenix  
  37  3:43  Probe (Chrono Boost)  
  37  3:45  Probe (Chrono Boost)  
  41  3:53  Probe (Chrono Boost)  
  41  3:55  Probe (Chrono Boost)  
  40  4:07  Probe (Chrono Boost)  
  40  4:12  Phoenix  
  40  4:13  Phoenix  
  42  4:38  Phoenix  
  44  4:46  Probe x2 (Chrono Boost)  
  44  4:48  Assimilator  
  44  4:50  Assimilator  
  44  4:51  Zealot x3  
  44  4:52  Pylon, Phoenix  
  52  4:55  Pylon  
  54  5:11  Phoenix  
  54  5:12  Probe x2 (Chrono Boost)  
  58  5:21  Phoenix  
  58  5:24  Probe x2 (Chrono Boost)  
  62  5:32  Pylon  
  64  5:36  Probe x2 (Chrono Boost), Pylon  
  64  5:38  Phoenix  
  66  5:54  Stalker x3  
  72  6:03  Oracle  
  63  6:34  Phoenix  
  63  6:35  Phoenix  
  63  6:38  Stalker x3  
  69  6:56  Phoenix  
  69  6:57  Phoenix  
  61  7:23  Pylon  
Show
View Real Time Build Order
Export as new Build Order

NighTLeafs Protoss 

Build Orders:  

Get SALT Encoding   

Show
View Real Time Build Order
Export as new Build Order

Chaos Protoss 

Build Orders:  

Get SALT Encoding   

Tags
 
Add a new tag
Caveats
  • Supply blocks, unpowered buildings, or Contaminate may cause inaccurate times.
  • Supply counts are checked every 10 seconds.